 Dungeon Crawl Stone Soup version 0.29.1-2-gbd0b4ee654 (webtiles) character file.

Game seed: 3729258261770293506

104959 funnyparkerb the Spry (level 15, -4/118 HPs)
             Began as a Felid Summoner on Nov 13, 2022.
             Was an Initiate of Gozag.
             Killed by the raging water
             ... invoked by a water nymph
              (22 damage)
             ... on level 4 of the Shoals on Nov 14, 2022.
             The game lasted 02:15:02 (64233 turns).

funnyparkerb the Spry (Felid Summoner)             Turns: 64233, Time: 02:15:02

Health: -4/118     AC: 20    Str: 14    XL:     15   Next: 93%
Magic:  23/31      EV: 22    Int: 23    God:    Gozag
Gold:   640        SH:  0    Dex: 24    Spells: 1/37 levels left
                                        Lives:  0   Deaths: 4

rFire   + + .      SeeInvis +     - Unarmed
rCold   x . .      Faith    .   (shield unavailable)
rNeg    . . .      Spirit   .   (body armour unavailable)
rPois   +          Reflect  .   (helmet unavailable)
rElec   .          Harm     .   (cloak unavailable)
rCorr   +          Rampage  .   (gloves unavailable)
Will    ++...                   (boots unavailable)
Stlth   +++.......              N - amulet of Thoughtfulness {RegenMP rCorr}
HPRegen 0.29/turn               e - +6 ring of dexterity
MPRegen 0.62/turn               c - +4 ring of protection

@: sluggish, dragon-form, gold aura, flying, studying 2 skills, very slow
A: dragon claw, dragon scales, breathe fire, flying, boosted hp, giant, (claws
1), (fangs 3), see invisible, (speed 1), (shaggy fur 3), (stealthy paws), no
weapons or thrown items, no armour, multi-lived
a: Breathe Fire, End Transformation, Renounce Religion, Potion Petition, Call
Merchant, Bribe Branch


You were on level 4 of the Shoals.
You worshipped Gozag.
Gozag was pleased with you.
You were a fearsome dragon!
You visited 6 branches of the dungeon, and saw 30 of its levels.

You collected 11482 gold pieces.
You spent 5964 gold pieces at shops.
You paid 4878 gold pieces to Gozag.

Inventory:

Jewellery
 c - a +4 ring of protection (right foreclaw)
 e - a +6 ring of dexterity (left foreclaw)
 f - a +6 ring of strength
 k - an amulet of regeneration
 o - a +4 ring of slaying
 s - an amulet of the acrobat
 B - a ring of magical power
 F - a ring of ice
 N - the amulet of Thoughtfulness (around neck) {RegenMP rCorr}
   (You found it on level 2 of the Shoals)

   [amulet of magic regeneration]

   It increases your rate of magic regeneration.
   rCorr:     It protects you from acid and corrosion.
 O - a +4 ring of protection
Wands
 n - a wand of light (12)
 t - a wand of flame (8)
 z - a wand of paralysis (11)
 A - a wand of digging (13)
 H - a wand of roots (8)
 K - a wand of mindburst (34)
Scrolls
 g - 10 scrolls of teleportation
 l - 3 scrolls of fog
 m - 2 scrolls of fear
 r - 8 scrolls of poison
 y - 6 scrolls of magic mapping
 D - a scroll of immolation
 E - 3 scrolls of vulnerability
 I - 2 scrolls of torment
 P - a scroll of amnesia
Potions
 a - 4 potions of magic
 b - 7 potions of invisibility
 d - 3 potions of berserk rage {unknown}
 h - 4 potions of attraction {unknown}
 i - 3 potions of cancellation {unknown}
 j - 2 potions of resistance
 p - 4 potions of degeneration {unknown}
 v - a potion of curing
 w - 4 potions of mutation
 x - 3 potions of brilliance
 C - 5 potions of lignification
 G - 4 potions of flight {unknown}
 J - 4 potions of haste
 L - 2 potions of might
 M - 2 potions of ambrosia


   Skills:
 + Level 16.9 Fighting
 + Level 19.5 Dodging
 - Level 2.6 Stealth
 + Level 1.0 Unarmed Combat
 + Level 11.7 Spellcasting
 - Level 10.0 Hexes
 - Level 10.0 Summonings
 + Level 9.3 Translocations
 * Level 13.6 Transmutations
 - Level 5.0 Ice Magic
 - Level 7.0 Air Magic


You had one spell level left.
You knew the following spells:

 Your Spells              Type           Power      Damage    Failure   Level
a - Summon Small Mammal   Summ           100%       N/A       1%          1
b - Dragon Form           Tmut           33%        N/A       16%         7
c - Call Canine Familiar  Summ           56%        N/A       1%          3
d - Summon Guardian Gole  Hex/Summ       56%        N/A       1%          3
e - Summon Lightning Spi  Summ/Air       51%        N/A       1%          4
f - Swiftness             Air            45%        N/A       1%          3
g - Summon Mana Viper     Hex/Summ       56%        N/A       2%          5
h - Manifold Assault      Tloc           54%        N/A       2%          5
i - Summon Forest         Summ/Tloc      27%        N/A       2%          5

Your spell library contained the following spells:

 Spells                   Type           Power      Damage    Failure   Level
 Apportation              Tloc           100%       N/A       1%          1
 Shock                    Conj/Air       100%       1d9       1%          1
 Necrotise                Necr           52%        1d6       4%          1
 Blink                    Tloc           100%       N/A       1%          2
 Call Imp                 Summ           56%        N/A       1%          2
 Static Discharge         Conj/Air       29%        3-7/arc   1%          2
 Confusing Touch          Hex            56%        N/A       1%          3
 Frozen Ramparts          Ice            72%        1d11      1%          3
 Gell's Gravitas          Tloc           54%        N/A       1%          3
 Lesser Beckoning         Tloc           54%        N/A       1%          3
 Teleport Other           Tloc           54%        N/A       1%          3
 Tukima's Dance           Hex            56%        N/A       1%          3
 Cause Fear               Hex            28%        N/A       1%          4
 Ice Form                 Ice/Tmut       54%        N/A       1%          4
 Blade Hands              Tmut           33%        N/A       1%          5
 Yara's Violent Unravell  Hex/Tmut       30%        3d13      1%          5
 Airstrike                Air            22%        2d(4-20)  2%          4
 Summon Ice Beast         Ice/Summ       47%        N/A       2%          4
 Leda's Liquefaction      Hex/Erth       18%        N/A       6%          4
 Alistair's Intoxication  Tmut/Pois      29%        N/A       9%          5
 Dispersal                Tloc           27%        N/A       16%         6
 Eringya's Noxious Bog    Tmut/Pois      22%        N/A       41%         6
 Statue Form              Tmut/Erth      29%        N/A       41%         6
 Dispel Undead            Necr           13%        3d9       43%         4
 Sticky Flame             Conj/Fire      13%        2d4       43%         4
 Enfeeble                 Hex            28%        N/A       54%         7
 Monstrous Menagerie      Summ           28%        N/A       54%         7
 Summon Hydra             Summ           28%        N/A       54%         7
 Iskenderun's Battlesphe  Conj           13%        2d7       78%         5
 Lee's Rapid Deconstruct  Erth           6%         3d7*      78%         5
 Spellforged Servitor     Conj/Summ      18%        N/A       99%         7
 Iron Shot                Conj/Erth      6%         9d2       100%        6
 Disjunction              Tloc           27%        N/A       100%        8
 Dragon's Call            Summ           28%        N/A       100%        9
 Portal Projectile        Hex/Tloc       Unusable   N/A       N/A         3

Dungeon Overview and Level Annotations

Branches:
Dungeon (15/15)            Temple (1/1) D:7            Lair (5/5) D:10
 Shoals (4/4) Lair:3       Spider (3/4) Lair:3        Slime (0/5) Lair:5
    Orc (2/2) D:11            Elf (0/3) Orc:2        Vaults (0/5) D:14
 Depths: D:15

Altars:
Ashenzari
Cheibriados
Dithmenos
Elyvilon
Fedhas
Gozag
Kikubaaqudgha
Makhleb
Nemelex Xobeh
Okawaru
Qazlal
Ru
Sif Muna
Trog
Uskayaw
Vehumet
Wu Jian
Xom
Yredelemnul
Zin
The Shining One
Jiyva

Shops:
D:3 [   D:7 *   D:9 !   Orc:1 :*   Orc:2 (:*(   Lair:1 :   Lair:3 =   Lair:4 :
Shoals:2 :?(

Annotations:
D:8 exclusion: statue
D:9 exclusion: 4 doors
D:15 Azrael
Temple 4 transporters
Spider:3 Roxanne


Innate Abilities, Weirdness & Mutations

You are a fearsome dragon!
You have a powerful clawing attack.
Your giant scaled body is strong and resiliant, but less evasive.
You can breathe fire.
You are flying.
Your maximum health is greatly increased.
((You have sharp claws.))
((You have razor-sharp teeth.))
You have supernaturally acute eyesight. (SInv)
((You cover ground quickly. (Speed+)))
((Your thick and shaggy fur keeps you warm. (AC +3, rC+)))
((Your paws help you pounce on unaware monsters.))
You are incapable of wielding weapons or throwing items.
You cannot wear armour.
You gain extra lives every three experience levels.


Message History

Your snaplasher vine constricts the water nymph.
The water nymph touches your snaplasher vine.
You claw the water nymph! You bite the water nymph.
You kill the water nymph!
Your dryad disappears in a puff of smoke!
The vines fall limply to the ground.
Your lightning spire shoots out a bolt of lightning at the merfolk javelineer!
The bolt of electricity hits the merfolk javelineer!
Space becomes stable.
The merfolk javelineer throws a silver javelin.
The silver javelin pierces through your mana viper.
The silver javelin pierces through you but does no damage.
The silver sears you!
The merfolk javelineer throws a silver javelin.
The silver javelin pierces through your mana viper!
The silver javelin pierces through you!!
The silver sears you!
The water nymph points at you and mumbles some strange words.
The water rises up and strikes you.
You swap places.
The merfolk javelineer throws a silver javelin.
The silver javelin misses your mana viper.
The silver javelin closely misses you.
Your lightning spire shoots out a bolt of lightning at the merfolk javelineer!
The bolt of electricity hits the merfolk javelineer.
The water nymph gestures at you while chanting.
The water rises up and strikes you!!!
* * * LOW HITPOINT WARNING * * *
Your mana viper disappears in a puff of smoke!
The merfolk javelineer throws a silver javelin.
The silver javelin pierces through you!
* * * LOW HITPOINT WARNING * * *
The silver sears you!
* * * LOW HITPOINT WARNING * * *
Your lightning spire shoots out a bolt of lightning at the merfolk javelineer!
The bolt of electricity hits the merfolk javelineer!!
The water nymph casts a spell at you. The water rises up and strikes you!!
You die...
Your body crumbles into a pile of gold.

≈≈≈≈~~~ ...~~~~~~~~~
≈≈≈≈≈~~~##../~~~~~~~~
≈≈≈≈≈~~..#..~~~~~~~~~
≈~~~~~~~~~~~~~~~~~~~~
~~~~~~~~≈~~~~~~~~..~~~
.~~~~~~.~≈$~~~~~~...~~
..~~~...~~~~~~$~....~~
...~~~$~..~~~~~#♣
...~.~...~D~~##
...^....<.~~~#
.♣♣##....(.~~#
##...$8.~h#
#..##...~§##
##.♣##....m~♣
###♣♣.♣♣.~~~~...## .~
#.......~m~~~~...##.~
#..........~~~.♣~....


You could see a merfolk javelineer (ally target), a water nymph, a friendly wolf
(summoned) and a friendly lightning spire (summoned).

Vanquished Creatures
  Arachne (Spider:2)
  A kraken (Shoals:4)
  An emperor scorpion (Spider:1)
  A broodmother (Spider:2)
  An entropy weaver (Spider:2)
  2 merfolk impalers (Shoals:4)
  A merfolk aquamancer (Shoals:3)
  A death scarab (Spider:2)
  3 pharaoh ants
  3 sea snakes
  2 orb spiders
  A steelbarb worm (Spider:2)
  2 wolf spiders
  A manticore (Shoals:3)
  A water nymph (Shoals:4)
  A demonic crawler (Spider:1)
  2 merfolk
  A meliai (D:13)
  2 jumping spiders
  2 culicivoras (Spider:1)
  A water elemental (Shoals:4)
  3 redbacks
  3 electric eels
  An adder (D:3)
  A gnoll (D:5)
  A white imp (D:6)
  An ufetubus (D:6)
  A worm (D:3)
  A dart slug (D:2)
  4 orcs
  3 giant cockroaches
  A hobgoblin (D:2)
  2 jackals
  A quokka (D:10)
  A ball python (D:4)
  3 bats
  A frilled lizard (D:2)
  2 kobolds (D:5)
  2 rats
  3 tentacles (Shoals:4)
66 creatures vanquished.

Vanquished Creatures (collateral kills)
  Louise (Spider:3)
  An orc warlord (Orc:2)
  2 emperor scorpions (Spider:1)
  5 merfolk javelineers
  3 hydras
  A merfolk avatar (Shoals:2)
  5 centaur warriors
  3 boulder beetles
  A radroach (Spider:1)
  3 two-headed ogres
  A death scarab (Spider:2)
  A death yak (D:10)
  3 tengu warriors
  5 merfolk aquamancers
  A satyr (Shoals:3)
  An orc high priest (Orc:2)
  Urug (D:14)
  3 pharaoh ants
  A sun moth (Spider:1)
  2 steelbarb worms
  8 sea snakes
  A deep elf archer (Orc:2)
  4 orc knights
  A deep elf zephyrmancer (Orc:2)
  2 deep elf pyromancers
  4 orc sorcerers
  9 wolf spiders
  4 ugly things
  9 manticores
  3 merfolk sirens
  4 cyclopes
  2 moths of wrath (Spider:3)
  2 fauns (Shoals:1)
  5 black mambas
  7 water nymphs
  10 elephants
  2 torpor snails (Spider:1)
  A gargoyle (D:12)
  A kobold demonologist (D:14)
  3 rime drakes
  6 cane toads
  An efreet (D:13)
  5 komodo dragons
  8 demonic crawlers (Spider:1)
  A freezing wraith (D:14)
  2 tengu conjurers
  2 meliai (D:13)
  7 trolls
  6 polar bears
  2 tarantellas (Lair:3)
  4 hornets (Lair:5)
  24 merfolk
  A wind drake (Shoals:3)
  6 slime creatures
  8 dream sheep
  8 blink frogs
  7 snapping turtles
  10 spriggans
  3 wraiths
  15 jumping spiders
  8 culicivoras
  A shadow (D:12)
  40 yaks
  A vampire (D:9)
  5 basilisks
  14 water elementals
  15 humans (D:14)
  5 wyverns
  A steam dragon (D:9)
  3 vampire mosquitoes (D:12)
  9 redbacks
  4 wargs
  An acid dragon (D:9)
  6 water moccasins
  31 orc warriors
  A hell hound (D:15)
  2 black bears (Lair:5)
  16 centaurs
  2 boggarts (Lair:5)
  25 wolves
  7 ogres
  5 kobold brigands
  5 bullfrogs
  A gnoll sergeant (D:8)
  A scorpion (D:5)
  8 wights
  16 killer bees
  An electric eel (D:13)
  A howler monkey (D:11)
  A hound (D:4)
  17 orc priests
  An iron imp (D:14)
  2 iguanas
  Natasha (D:4)
  A hell rat (D:10)
  30 orc wizards
  10 nameless horrors
  6 gnolls
  6 adders
  3 river rats (D:10)
  A white imp (D:7)
  A worm (D:2)
  2 dart slugs (D:3)
  79 orcs
  An endoplasm (D:1)
  2 giant cockroaches
  5 goblins
  7 hobgoblins
  11 jackals
  35 kobolds
  3 quokkas
  4 ball pythons
  3 bats
  A frilled lizard (D:3)
  4 rats
724 creatures vanquished.

Vanquished Creatures (others)
  Gastronok (Orc:1)
  An ettin (Orc:2)
  A merfolk impaler (Shoals:1)
  4 hydras
  A centaur warrior (D:13)
  2 death yaks (D:10)
  2 orc high priests
  A cyclops (D:11)
  5 ugly things
  A slime creature (D:13)
  5 elephants
  2 merfolk sirens
  An unseen horror (D:11)
  6 cane toads
  A gargoyle (D:13)
  2 komodo dragons
  2 merfolk
  2 trolls
  2 blink frogs (Lair:2)
  3 hornets
  2 polar bears
  6 spriggans (Lair:5)
  Sigmund (D:5)
  A basilisk (Lair:3)
  4 wyverns
  A shadow (D:12)
  A water elemental (D:13)
  24 yaks
  A human (D:14)
  A redback (Lair:3)
  3 acid dragons
  Duvessa (D:7)
  7 orc warriors
  2 black bears
  4 ogres
  A boggart (Lair:5)
  2 centaurs
  9 wolves
  A phantom (D:7)
  2 bullfrogs
  A scorpion (D:6)
  Dowan (D:7)
  8 wights
  4 killer bees
  A jelly (D:5)
  Natasha (twice) (D:4)
  An orc wizard (D:7)
  5 gnolls (D:5)
  An adder (D:4)
  2 orcs
  2 hobgoblins (D:5)
  12 bushes
  57 fungi
  141 plants
  9 snaplasher vines
  2 tentacles (Shoals:4)
368 creatures vanquished.

Grand Total: 1158 creatures vanquished

Notes
Turn   | Place    | Note
-------+----------+-------------------------------------------
     0 | D:1      | funnyparkerb the Felid Summoner began the quest for the
                  | Orb.
     0 | D:1      | Reached XP level 1. HP: 7/7 MP: 4/4
   685 | D:1      | Reached XP level 2. HP: 11/11 MP: 3/6
   688 | D:1      | Learned a level 2 spell: Call Imp
  1026 | D:1      | Found a faded altar of an unknown god.
  1698 | D:2      | Reached XP level 3. HP: 9/14 MP: 1/8
  1827 | D:2      | Learned a level 3 spell: Call Canine Familiar
  1868 | D:2      | Identified the +5 quarterstaff of Fortitude {vorpal, Str+4
                  | Stlth-}
  2950 | D:3      | Reached XP level 4. HP: 18/18 MP: 6/9
  2954 | D:3      | Learned a level 3 spell: Summon Guardian Golem
  2980 | D:3      | Found a sparkling altar of Nemelex Xobeh.
  3306 | D:3      | Reached skill level 3 in Dodging
  3306 | D:3      | Reached skill level 1 in Hexes
  3473 | D:3      | Found Irghisot's Antique Armour Boutique.
  3481 | D:3      | Reached skill level 5 in Summonings
  3684 | D:4      | Noticed Natasha
  3891 | D:4      | Reached skill level 1 in Fighting
  3891 | D:4      | Reached XP level 5. HP: 21/22 MP: 4/11
  4156 | D:4      | Found a hide-covered altar of Uskayaw.
  4158 | D:4      | Noticed a +0 hand axe
  4159 | D:4      | Noticed a +0 dagger
  4385 | D:4      | Found a basalt altar of Yredelemnul.
  4557 | D:4      | Killed Natasha
  4558 | D:4      | Gained mutation: You are covered in thick fur. (AC +2)
                  | [Felid growth]
  4558 | D:4      | Reached XP level 6. HP: 26/26 MP: 5/12
  4582 | D:4      | Noticed a steam dragon
  4822 | D:4      | Noticed Natasha
  4830 | D:4      | Killed Natasha
  5012 | D:4      | Noticed Natasha
  5039 | D:4      | Killed Natasha
  5443 | D:5      | Entered Level 5 of the Dungeon
  5618 | D:5      | Reached skill level 4 in Dodging
  5708 | D:5      | Noticed Sigmund
  5726 | D:5      | Killed Sigmund
  5727 | D:5      | Reached XP level 7. HP: 30/30 MP: 6/14
  5783 | D:5      | Found a blossoming altar of Fedhas.
  6045 | D:5      | Learned a level 4 spell: Summon Lightning Spire
  6407 | D:5      | Reached skill level 5 in Dodging
  6738 | D:5      | Shot with an arrow by a centaur
  6739 | D:5      | Reached XP level 6. HP: -2/28 MP: 9/13
  7414 | D:5      | Reached skill level 1 in Air Magic
  7453 | D:5      | Reached XP level 7. HP: 29/31 MP: 4/14
  8025 | D:6      | Reached skill level 5 in Hexes
 10067 | D:7      | Reached skill level 6 in Dodging
 10067 | D:7      | Reached skill level 5 in Spellcasting
 10067 | D:7      | Reached XP level 8. HP: 36/36 MP: 11/16
 10400 | D:7      | Found a staircase to the Ecumenical Temple.
 11208 | Temple   | Entered the Ecumenical Temple
 11208 | Temple   | Found a transporter.
 11208 | Temple   | Found a transporter.
 11210 | Temple   | Found a transporter.
 11210 | Temple   | Found a transporter.
 11226 | Temple   | Became a worshipper of Gozag Ym Sagoz the Greedy
 11269 | D:7      | Found Guleilay's Assorted Antiques.
 11578 | D:7      | Noticed Duvessa
 11578 | D:7      | Noticed Dowan
 11595 | D:7      | Killed Duvessa
 11596 | D:7      | Killed Dowan
 12048 | D:8      | Reached skill level 7 in Dodging
 12238 | D:8      | Found a sacrificial altar of Ru.
 12296 | D:8      | Found a radiant altar of Vehumet.
 12478 | D:8      | Reached XP level 9. HP: 15/40 MP: 8/18
 12798 | D:8      | Reached skill level 5 in Fighting
 12936 | D:8      | HP: 2/40 [poisoned by a killer bee]
 14034 | D:9      | Reached skill level 8 in Dodging
 14356 | D:9      | Reached XP level 10. HP: 45/45 MP: 7/21
 14623 | D:9      | Reached skill level 5 in Air Magic
 14632 | D:9      | Reached skill level 9 in Dodging
 14936 | D:9      | Found Tenwati's Distillery.
 15041 | D:9      | Bought 2 potions of heal wounds for 150 gold pieces
 15083 | D:9      | Noticed a red ugly thing
 15216 | D:9      | Killed a red ugly thing
 15536 | D:9      | Noticed a tengu warrior
 15548 | D:9      | Noticed a sixfirhy
 15551 | D:9      | HP: 2/47 [sixfirhy[a kobold demonologist] (9)]
 15554 | D:9      | Noticed an orange demon
 15689 | D:10     | Entered Level 10 of the Dungeon
 15756 | D:10     | Found a broken altar of Ashenzari.
 15795 | D:10     | Engulfed by their own flame
 15796 | D:10     | Reached XP level 9. HP: 0/43 MP: 18/21
 15816 | D:10     | Noticed a death yak
 15834 | D:10     | Killed a death yak
 15834 | D:10     | Noticed a death yak
 15843 | D:10     | Killed a death yak
 15843 | D:10     | Noticed a death yak
 15844 | D:10     | Reached skill level 10 in Dodging
 15844 | D:10     | Reached XP level 10. HP: 47/47 MP: 8/22
 15846 | D:10     | Killed a death yak
 16020 | D:10     | Found a staircase to the Lair.
 16372 | D:10     | Learned a level 3 spell: Swiftness
 16494 | D:10     | Noticed a two-headed ogre
 16505 | D:10     | Killed a two-headed ogre
 17641 | D:11     | Reached XP level 11. HP: 51/51 MP: 13/24
 18315 | D:11     | Found a staircase to the Orcish Mines.
 18606 | Lair:1   | Entered Level 1 of the Lair of Beasts
 18663 | D:10     | Reached skill level 11 in Dodging
 19240 | Lair:1   | Identified the +1 chain mail of Fun and Games {Slay+2}
 19423 | Lair:1   | Noticed a boulder beetle
 19446 | Lair:1   | Killed a boulder beetle
 19447 | Lair:1   | Reached skill level 10 in Summonings
 19631 | Lair:1   | HP: 1/52 [blink frog (17)]
 20532 | Lair:2   | Reached skill level 12 in Dodging
 21352 | Lair:2   | Gained mutation: Your thick and shaggy fur keeps you warm.
                  | (AC +3, rC+) [Felid growth]
 21352 | Lair:2   | Reached XP level 12. HP: 57/57 MP: 9/26
 21957 | Lair:3   | Noticed a four-headed hydra
 22263 | Lair:3   | Noticed an eight-headed hydra
 22270 | Lair:3   | Killed an eight-headed hydra
 22550 | Lair:3   | Reached skill level 13 in Dodging
 22719 | Lair:3   | Reached skill level 10 in Fighting
 22731 | Lair:3   | Reached skill level 10 in Spellcasting
 22774 | Lair:3   | Killed a four-headed hydra
 23466 | Lair:3   | Found a staircase to the Shoals.
 23585 | Lair:3   | Reached skill level 14 in Dodging
 23746 | Lair:3   | Found a hole to the Spider Nest.
 24474 | Lair:3   | Learned a level 4 spell: Airstrike
 24529 | Lair:4   | Identified 2 scrolls of acquirement
 24530 | Lair:4   | Acquired 513 gold pieces
 24532 | Lair:4   | Acquired 626 gold pieces
 24539 | Lair:4   | Bought a book of the Dragon for 690 gold pieces
 24575 | Lair:4   | Reached skill level 1 in Transmutations
 24930 | Lair:4   | Found a snail-covered altar of Cheibriados.
 24952 | Lair:4   | Noticed an eight-headed hydra
 24962 | Lair:4   | Killed an eight-headed hydra
 25280 | Lair:4   | Learned a level 4 spell: Summon Ice Beast
 25760 | Lair:5   | Entered Level 5 of the Lair of Beasts
 25786 | Lair:5   | Reached XP level 13. HP: 49/63 MP: 14/28
 25798 | Lair:5   | Reached skill level 1 in Ice Magic
 26436 | Lair:5   | Reached skill level 15 in Dodging
 27205 | Lair:5   | Reached skill level 5 in Transmutations
 27346 | Lair:5   | Found a viscous altar of Jiyva.
 27347 | Lair:5   | Found a staircase to the Slime Pits.
 29194 | Lair:4   | Reached skill level 16 in Dodging
 29610 | Lair:5   | Reached XP level 14. HP: 65/69 MP: 12/29
 30454 | D:12     | Reached skill level 5 in Ice Magic
 32799 | Orc:1    | Entered Level 1 of the Orcish Mines
 33184 | Orc:1    | Noticed Gastronok
 33306 | Orc:1    | Killed Gastronok
 33541 | Orc:1    | Found Nejudor's General Store.
 33615 | Orc:1    | Bought a scroll of acquirement for 884 gold pieces
 33615 | Orc:1    | Acquired 730 gold pieces
 33771 | Orc:1    | Bought a book of Beasts for 684 gold pieces
 33777 | Orc:1    | Learned a level 5 spell: Summon Mana Viper
 33795 | Orc:2    | Entered Level 2 of the Orcish Mines
 33821 | Orc:1    | Shot with an arrow by a centaur warrior
 33822 | Orc:1    | Reached XP level 13. HP: 0/66 MP: 1/28
 35277 | Orc:2    | Reached skill level 17 in Dodging
 36348 | Lair:4   | Bought a manual of Fighting for 1200 gold pieces
 37423 | Orc:2    | Found a staircase to the Elven Halls.
 37509 | Orc:2    | Identified the +6 scimitar of the Shifting Lamprey {vorpal,
                  | rF+ Int+4}
 38270 | Orc:2    | Noticed an ettin
 38287 | Orc:2    | Killed an ettin
 40006 | Orc:2    | Noticed an orc warlord
 40008 | Orc:2    | Reached XP level 14. HP: 71/71 MP: 13/29
 40032 | Orc:2    | Killed an orc warlord
 40364 | Orc:2    | Found Fyorch's General Store.
 40364 | Orc:2    | Found Lausot's Book Emporium.
 40366 | Orc:2    | Found Goafihe's Weapon Shoppe.
 40368 | Orc:2    | Found Dasuinn's Antique Weapon Boutique.
 40372 | Orc:2    | Bought a scroll of identify for 30 gold pieces
 40374 | Orc:2    | Bought a book of Spatial Translocations for 390 gold pieces
 41300 | D:13     | HP: 1/72 [meliai/+0 hand axe of venom (7)]
 41301 | D:13     | Slain by a meliai
 41302 | D:13     | Reached XP level 13. HP: 0/67 MP: 15/28
 43445 | D:14     | Noticed Urug
 43445 | D:14     | Found a gate to the Vaults.
 45486 | D:14     | Reached skill level 10 in Transmutations
 45495 | D:14     | Reached skill level 18 in Dodging
 45817 | D:14     | Found a snail-covered altar of Cheibriados.
 45948 | D:14     | Killed Urug
 46509 | D:15     | Entered Level 15 of the Dungeon
 46781 | D:15     | Found a stormy altar of Qazlal.
 46872 | D:15     | Noticed Azrael
 47564 | Shoals:1 | Entered Level 1 of the Shoals
 47827 | Shoals:1 | Reached skill level 15 in Fighting
 47827 | Shoals:1 | Reached XP level 14. HP: 41/73 MP: 1/29
 49036 | Lair:3   | Reached skill level 10 in Hexes
 51025 | Shoals:2 | Found the +7 great mace "Firestarter" {inner flame, rF++}
 51031 | Shoals:2 | Identified the amulet of Thoughtfulness {RegenMP rCorr}
 51033 | Shoals:2 | Found Ymocuc's Book Shoppe.
 51057 | Shoals:2 | Bought a Fen Folio for 672 gold pieces
 51063 | Shoals:2 | Learned a level 5 spell: Summon Forest
 51143 | Shoals:2 | Identified the +9 mace "Jap Waot" {vorpal, *Noise rF++
                  | rN++}
 51177 | Shoals:2 | Reached skill level 1 in Translocations
 51654 | Shoals:2 | Found Fenefaiske's Magic Scroll Shop.
 52242 | Shoals:2 | Bought a scroll of identify for 32 gold pieces
 52242 | Shoals:2 | Bought a scroll of identify for 32 gold pieces
 52268 | Shoals:2 | Found Momall's Antique Weapon Shop.
 52930 | Lair:4   | Bought a manual of Spellcasting for 1200 gold pieces
 55612 | Spider:1 | Entered Level 1 of the Spider Nest
 55892 | Spider:1 | Reached skill level 5 in Translocations
 56714 | Lair:3   | Learned a level 7 spell: Dragon Form
 56940 | Spider:1 | Noticed an emperor scorpion
 56952 | Spider:1 | Killed an emperor scorpion
 57709 | Lair:3   | Reached XP level 15. HP: 73/74 MP: 28/30
 58056 | Spider:1 | Noticed an emperor scorpion
 58077 | Spider:1 | Killed an emperor scorpion
 59319 | Spider:1 | Reached skill level 19 in Dodging
 59619 | Spider:1 | Noticed an emperor scorpion
 59670 | Spider:1 | Killed an emperor scorpion
 60761 | Spider:2 | Identified the +3 ring mail of the Gusle {Harm rN+ Int+2
                  | Dex+5}
 60831 | Spider:2 | Noticed Arachne
 60844 | Spider:2 | Killed Arachne
 61308 | Spider:3 | Noticed Louise
 61312 | Spider:3 | Noticed Roxanne
 61327 | Spider:3 | Killed Louise
 61395 | Spider:2 | HP: 5/118 [wolf spider[a broodmother] (2)]
 61908 | Shoals:4 | Entered Level 4 of the Shoals
 62369 | Shoals:4 | Noticed a kraken
 62392 | Shoals:4 | Killed a kraken
 63679 | Shoals:3 | Learned a level 5 spell: Manifold Assault
 64222 | Shoals:4 | Reached skill level 1 in Unarmed Combat
 64233 | Shoals:4 | Killed from afar by a water nymph

Illustrated notes

Levels and vault maps discovered:
D:1:      dpeg_arrival_central, layout_basic, chequers_ecumenical_altar_island,
          serial_aquarium, aquarium_bridge_square [aquarium_subvault_balcony,
          aquarium_subvault_bridge, aquarium_subvault_wall,
          aquarium_subvault_wall], aquarium_window_corridor_1,
          aquarium_window_corner, aquarium_window_2, aquarium_view_2b,
          aquarium_balcony_5a, aquarium_pool_five, hangedman_decor_peaks_small,
          minmay_misc_feat_enclosed, minmay_pentomino_u2
D:2:      layout_basic
D:3:      layout_basic, mainiacjoe_overflow_cross_hatched, serial_shops,
          nicolae_square_shop
D:4:      layout_cave_pods, dancing_weapons_uskayaw, yredelemnul_altar_generic,
          uniq_natasha
D:5:      corexii_shantytown, layout_gridville, lemuel_tele_altar,
          chequers_serial_rivers_micro_c, uniq_sigmund
D:6:      layout_basic
D:7:      layout_basic, minmay_temple_entry_waves, kennysheep_windowed_goal,
          uniq_duvessa
D:8:      layout_gridville, nicolae_ru_awakened_eye, vehumet_statue
D:9:      minmay_clustersquares, layout_irregular_city, enter_bailey_1,
          serial_shops, nicolae_shop_stone, lightli_fourway_metalbox
D:10:     layout_roguey, mainiacjoe_overflow_concentric_impassable,
          dpeg_lair_monsters
D:11:     layout_loops_cross, minmay_orc_entry_temple_large,
          minmay_misc_feat_five
D:12:     layout_gridville, minmay_starry_boxes
D:13:     layout_basic
D:14:     layout_basic, david_vaults_3, nrook_pool_corridor, slow_altar_2
D:15:     gammafunk_depths_entry_grave, layout_stronghold, nicolae_hexahallways,
          serial_shops, shop, grunt_qazlal_sundering, uniq_azrael
Temple:   hellmonk_temple_divided_pantheon
Lair:1:   layout_big_grid, grunt_megastairs_1
Lair:2:   layout_loops_ring, forest_entry_grove, wad_woods_river_01
Lair:3:   layout_regular_city, elwin_shoals_entry_rocks,
          nicolae_spider_entry_tight_spaces, minmay_holes, st_stairs_5,
          minmay_hedge_maze
Lair:4:   layout_regular_city, serial_forest, infiniplex_forest_straight_4,
          infiniplex_forest_corner_1, infiniplex_forest_clump_tiny,
          infiniplex_forest_straight_4, infiniplex_forest_lined_ring,
          infiniplex_forest_lined_2, infiniplex_forest_clump_curved, basic_altar
Lair:5:   minmay_lair_end_enchanted_forest, layout_hall_layers, slime_entry_1,
          lemuel_old_faithful, grunt_megastairs_5
Shoals:1: layout_shoals, nicolae_shoals_so_close
Shoals:2: layout_shoals, serial_shops, nicolae_diamond_shop, shop_fountains,
          shop, nicolae_shoals_nymph_descending_staircase
Shoals:3: layout_shoals, nicolae_shoals_lost_giant_pillars
Shoals:4: shoals_end_simple, layout_shoals, serial_shops,
          nicolae_shop_bloodbath_and_beyond
Spider:1: layout_chambers, worms_lemuel
Spider:2: layout_spider_delve, uniq_arachne
Spider:3: layout_cave_pods, uniq_asterion, uniq_roxanne, uniq_louise
Orc:1:    layout_caves, serial_shops, nicolae_shop_competitors_out_of_business,
          uniq_gastronok
Orc:2:    st_orc_rangers, layout_caves, portal_ice_cave_entry_pillars_2,
          elf_legates

Skill      XL: |  1  2  3  4  5  6  7  8  9 10 11 12 13 14 15 |
---------------+----------------------------------------------+-----
Spellcasting   | 3 4 5 6 8 9 10 11 | 11.7
Dodging        | 3 4 6 7 10 9 12 14 18 19 | 19.5
Hexes          | 1 2 4 5 9 10 | 10.0
Summonings     | 5 6 7 9 10 | 10.0
Fighting       | 1 2 4 6 7 9 11 15 16 | 16.9
Air Magic      | 1 2 3 6 5 7 |  7.0
Transmutations | 3 10 12 13 | 13.6
Ice Magic      | 4 5 |  5.0
Translocations | 5 9 |  9.3
Unarmed Combat | 1 |  1.0
Stealth        | |  2.6

Action                   |  1- 3 |  4- 6 |  7- 9 | 10-12 | 13-15 || total
-------------------------+-------+-------+-------+-------+-------++-------
Melee: Unarmed           |    56 |    28 |    69 |    11 |   107 ||   271
       Bite              |     5 |     5 |    13 |     1 |    21 ||    45
       Punch             |     1 |       |     1 |       |       ||     2
       Tailslap          |       |       |       |       |    18 ||    18
 Cast: Summon Small Mamm |    18 |     4 |       |    93 |   212 ||   327
       Call Imp          |    16 |    11 |    23 |    61 |    99 ||   210
       Call Canine Famil |     5 |    30 |    67 |    84 |   188 ||   374
       Summon Guardian G |       |    13 |    44 |   109 |   134 ||   300
       Summon Lightning  |       |       |    18 |    93 |   157 ||   268
       Swiftness         |       |       |       |     3 |    89 ||    92
       Summon Ice Beast  |       |       |       |       |   210 ||   210
       Summon Mana Viper |       |       |       |       |   228 ||   228
       Summon Forest     |       |       |       |       |    56 ||    56
       Dragon Form       |       |       |       |       |    36 ||    36
Invok: Call Merchant     |       |       |       |     3 |     1 ||     4
       Potion Petition   |       |       |       |       |     2 ||     2
 Abil: Breathe Fire      |       |       |       |       |     1 ||     1
Evoke: Wand              |       |       |       |       |    14 ||    14
  Use: Potion            |       |     2 |     5 |     4 |    12 ||    23
       Scroll            |       |     1 |     1 |    14 |    24 ||    40
 Stab: Sleeping          |     1 |       |       |       |       ||     1
       Distracted        |       |     2 |     1 |     1 |     7 ||    11
Armor: Skin              |     3 |     1 |     7 |     7 |   129 ||   147
Dodge: Dodged            |    54 |    49 |   175 |   304 |  1551 ||  2133
